 Dungeon Crawl Stone Soup version 0.25-a0-443-gece2dee8bd (webtiles) character file.

Game seed: 17913688557913264975, levelgen mode: deterministic

124388 Emblim88 the Peltast (level 16, -4/162 HPs)
             Began as a Troll Berserker on Jan 30, 2020.
             Was a High Priest of Trog.
             Slain by a wolf spider (9 damage)
             ... on level 1 of the Spider Nest.
             The game lasted 01:42:11 (22800 turns).

Emblim88 the Peltast (Troll Berserker)             Turns: 22800, Time: 01:42:11

Health: -4/162     AC:  9    Str: 33    XL:     16   Next: 39%
Magic:  0/21       EV: 10    Int:  4    God:    Trog [*****.]
Gold:   2735       SH:  0    Dex:  9    Spells: 15/15 levels left

rFire    + . .     SeeInvis .     - Unarmed
rCold    + + .     Gourm    +   a - +5 large shield {reflect}
rNeg     + + .     Faith    .   O - +2 robe {MR+}
rPois    +         Spirit   +   p - +1 hat {MR+}
rElec    .         Reflect  +   m - scarf {rC+ rF+}
rCorr    +         Harm     .   (gloves unavailable)
MR       +++++                  (boots unavailable)
Stlth    +.........             U - amulet of guardian spirit
HPRegen  1.77/turn              V - ring of Qazlal's Envy {rPois rN+ rCorr}
MPRegen  0.17/turn              Q - ring of Elyogep {*Contam rC+ rN+ MR+}

@: confused, regenerating
A: large, unfitting armour, claws 3, fast metabolism 3, gourmand, regeneration
1, shaggy fur 1, tough skin 3
a: Berserk, Trog's Hand, Brothers in Arms, Renounce Religion


You were on level 1 of the Spider Nest.
You worshipped Trog.
Trog was extremely pleased with you.
You were not hungry.

You visited 4 branches of the dungeon, and saw 23 of its levels.
You also visited: Ossuary, Ice Cave and Volcano.

You collected 2904 gold pieces.
You spent 169 gold pieces at shops.

Inventory:

Hand Weapons
 C - the +1 hunting sling "Wileoj" {freeze, Str+4 Int+7}
   (You bought it in a shop on level 2 of the Orcish Mines)

   It causes projectiles fired from it to freeze those they strike, causing
   extra injury to most foes and up to half again as much damage against
   particularly susceptible opponents.
   They can also slow down cold-blooded creatures.
   It affects your strength (+4).
   It affects your intelligence (+7).
 Z - the +2 scimitar of Guilt {venom, +Blink rC+ Str+4 Dex+2}
   (You found it on level 5 of the Lair of Beasts)

   It poisons the flesh of those it strikes.
   It affects your strength (+4).
   It affects your dexterity (+2).
   It protects you from cold.
   It lets you blink.
Missiles
 j - 514 stones (quivered)
 u - 4 silver boomerangs
 F - 95 poisoned darts
 Y - a large rock
Armour
 a - a +5 large shield of reflection (worn)
 m - a scarf of resistance (worn)
 p - a +1 hat of magic resistance (worn)
 A - a +2 robe of fire resistance
 O - a +2 robe of magic resistance (worn)
Jewellery
 g - the ring of Qunul {rPois rC+ AC+2}
   (You found it on level 15 of the Dungeon)

   [ring of protection]

   It affects your AC (+2).
   It protects you from cold.
   It protects you from poison.
 H - a +5 ring of intelligence
 K - an uncursed ring of protection from fire
 Q - the ring of Elyogep (right claw) {*Contam rC+ rN+ MR+}
   (You found it in an ice cave)

   [ring of protection from cold]

   It protects you from cold.
   It protects you from negative energy.
   It affects your resistance to hostile enchantments.
   It causes magical contamination when unequipped.
 U - an amulet of guardian spirit (around neck)
 V - the ring of Qazlal's Envy (left claw) {rPois rN+ rCorr}
   (You found it on level 3 of the Lair of Beasts)

   [ring of resist corrosion]

   It protects you from poison.
   It protects you from negative energy.
   It provides partial protection from all sources of acid and corrosion.
Wands
 l - a wand of paralysis (1)
 x - a wand of iceblast (28)
 G - a wand of polymorph (11)
 T - a wand of random effects (6)
 W - a wand of acid (3)
Scrolls
 d - a scroll of silence
 e - 21 scrolls of remove curse
 f - 2 scrolls of fog
 h - 17 scrolls of teleportation
 r - 3 scrolls of fear
 s - 2 scrolls of noise
 t - 3 scrolls of blinking
 y - 4 scrolls of enchant weapon
 B - a scroll of holy word
 E - 4 scrolls of magic mapping
 I - 2 scrolls of summoning
 L - 2 scrolls of identify
Potions
 c - a potion of might
 i - 7 potions of heal wounds
 n - a potion of magic
 o - 3 potions of lignification
 q - 3 potions of resistance
 v - 3 potions of curing
 w - 3 potions of berserk rage
 D - 2 potions of mutation
 J - 2 potions of flight
 P - a potion of ambrosia
 X - a potion of brilliance
Miscellaneous
 z - a crystal ball of energy
Comestibles
 b - 54 rations


   Skills:
 + Level 11.0 Fighting
 - Level 6.1 Throwing
 - Level 2.4 Dodging
 + Level 15.1 Shields
 * Level 13.3 Unarmed Combat
 + Level 8.5 Evocations


You had 15 spell levels left.
You didn't know any spells.
Your spell library was empty.

Dungeon Overview and Level Annotations

Branches:
Dungeon (15/15)            Temple (0/1) D:4            Lair (5/6) D:8
 Shoals (0/4) Lair:4       Spider (1/4) Lair:2          Orc (2/2) D:11
    Elf (0/3) Orc:2        Vaults (0/5) D:14         Depths (0/5) D:15
Ossuary (visited)           IceCv (visited)         Volcano (visited)
  Slime: Lair:5-6

Altars:
Ashenzari
Cheibriados
Fedhas
Kikubaaqudgha
Makhleb
Okawaru
Vehumet
Wu Jian
Xom
Zin
The Shining One
Beogh
Jiyva

Shops:
D:6 =}   D:9 (   Orc:2 (=*[

Annotations:
D:10 Sonja
Lair:3 3 runed translucent doors, waddelsworth's ghost, journeyman GrEE


Innate Abilities, Weirdness & Mutations

You are too large for most types of armour.
You have claws for hands.
Your metabolism is lightning-fast.
You like to eat raw meat.
Your natural rate of healing is unusually fast.
You are covered in fur. (AC +1)
You have extremely tough skin. (AC +3)


Message History

You block the demonic crawler's attack. The demonic crawler hits you!
* * * LOW HITPOINT WARNING * * *
You block the demonic crawler's attack.
Your skin crawls.
You feel resistant to hostile enchantments.
You feel quite a bit more hungry. You block the tarantella's attack.
You block the wolf spider's attack. x2; The tarantella bites you!
* * * LOW HITPOINT WARNING * * *
The tarantella bites you.
* * * LOW HITPOINT WARNING * * *
The jumping spider pounces on you but does no damage.
You block the jumping spider's attack. The redback bites you.
* * * LOW HITPOINT WARNING * * *
The demonic crawler closely misses you.
The demonic crawler barely misses you. x2
The tarantella bites you!
* * * LOW HITPOINT WARNING * * *
You are confused.
The redback completely misses you. The tarantella closely misses you.
The wolf spider hits you!
You die...

.............
##............
###.....^.......
#...^...........
#.............
#...^.....#
#.........#
##.....sss#
##.#.ss@s#
###††sss##
#....†...#
####○......### .
#..##........##
...##..#.........#
...............?.##
..........<.......#
.............####.#


You could see 2 demonic crawlers, a wolf spider, a jumping spider, 3 tarantellas
and 2 redbacks.

Vanquished Creatures
  Saint Roka (Orc:2)
  Jorgrun (D:14)
  Gastronok (Lair:1)
  An orc warlord (Orc:2)
  Azrael (D:12)
  A spark wasp (shapeshifter) (D:15)
  A red draconian (Volcano)
  Josephine (Orc:1)
  Erolcha (Orc:1)
  3 vault guards (D:14)
  3 hydras
  2 ice dragons (IceCv)
  An anaconda (shapeshifter) (D:15)
  2 catoblepae
  An alligator (shapeshifter) (D:15)
  3 centaur warriors
  6 death yaks (Lair:3)
  15 two-headed ogres
  2 ogre magi
  Nergalle (D:11)
  An orc high priest (Orc:2)
  A wizard (D:15)
  A glowing orange brain (D:15)
  A lindwurm (Lair:4)
  4 orc knights
  An orb spider (shapeshifter) (D:15)
  A wolf spider (D:15)
  A wolf spider zombie (D:14)
  3 ugly things
  4 orc sorcerers
  A deep elf mage (D:12)
  3 oklob plants (Lair:2)
  A cyclops (D:12)
  A manticore (D:15)
  2 ice statues (IceCv)
  8 elephants (Lair:5)
  2 merfolk sirens (Lair:4)
  A gargoyle (D:13)
  A kobold demonologist (D:11)
  A centaur skeleton (D:15)
  4 spiny frogs
  7 rime drakes
  3 komodo dragons
  3 meliai (Lair:4)
  A meliai (shapeshifter) (D:15)
  A queen bee (Lair:4)
  2 tengu conjurers (D:15)
  3 jumping spiders
  2 merfolk (Lair:4)
  4 slime creatures (D:15)
  6 trolls
  2 hornets
  3 polar bears
  7 hippogriffs
  A meliai zombie (D:15)
  7 dream sheep (Lair:4)
  8 redbacks
  2 wyverns
  Sigmund (D:6)
  A vampire (D:15)
  36 yaks
  3 shadows
  A tarantella (Spider:1)
  4 fire elementals (D:12)
  7 wraiths
  Eustachio (D:4)
  Grum (D:9)
  A steam dragon (D:8)
  A human (D:8)
  6 basilisks
  3 hogs (D:8)
  10 vampire mosquitoes
  3 hungry ghosts
  Menkaure (D:4)
  The ghost of navillus the Skirmisher, an amateur GrFi (D:4)
  A soldier ant (D:12)
  2 acid dragons
  Edmund (D:4)
  8 water moccasins
  8 porcupines
  17 ice beasts
  28 orc warriors
  A black bear (D:7)
  11 ogres
  2 hornet zombies
  7 sky beasts
  An eye of draining (shapeshifter) (D:15)
  3 eyes of draining
  A necrophage (D:10)
  11 wolves
  The ghost of fly the Grave Robber, an amateur DDNe (D:3)
  8 crocodiles
  10 centaurs
  8 big kobolds
  A gnoll sergeant (Orc:2)
  15 bullfrogs
  A wyvern zombie (D:12)
  7 scorpions
  21 killer bees (Lair:4)
  An electric eel (Lair:2)
  11 wights
  A howler monkey (D:4)
  5 centaur zombies
  6 crimson imps
  3 jellies
  20 orc priests
  2 bullfrog skeletons
  2 bullfrog zombies (D:10)
  5 hounds
  23 orc wizards
  2 iguanas
  10 worker ants
  Ijyb (D:4)
  A hound skeleton (D:7)
  14 mummies
  A worker ant zombie (D:9)
  14 gnolls
  A howler monkey zombie (D:9)
  2 howler monkey skeletons
  12 adders
  A river rat (D:5)
  3 shadow imps
  3 oozes
  4 adder zombies
  3 worms
  3 dart slugs
  5 leopard geckos
  98 orcs
  2 ball pythons
  7 giant cockroaches
  8 goblins
  12 hobgoblins
  5 quokkas
  7 bats
  8 frilled lizards
  A giant cockroach zombie (D:6)
  A gnoll skeleton (Ossuary)
  A goblin skeleton (Ossuary)
  A goblin zombie (D:7)
  2 jackal skeletons
  26 kobolds
  5 kobold skeletons (Ossuary)
  A leopard gecko skeleton (D:4)
  An orc skeleton (Ossuary)
  An orc zombie (D:7)
  A quokka skeleton (D:9)
  8 rats
  11 rat skeletons (Ossuary)
  2 fungi
  3 plants
779 creatures vanquished.

Vanquished Creatures (others)
  An orc knight (Orc:1)
  2 centaurs
  An orc (D:11)
  5 fungi
  3 plants
12 creatures vanquished.

Grand Total: 791 creatures vanquished

Notes
Turn   | Place    | Note
-------+----------+-------------------------------------------
     0 | D:1      | Emblim88 the Troll Berserker began the quest for the Orb.
     0 | D:1      | Reached XP level 1. HP: 22/22 MP: 0/0
    84 | D:1      | You fall into a shaft and drop 1 floor!
    88 | D:2      | Reached XP level 2. HP: 29/29 MP: 1/1
    99 | D:2      | Reached skill level 1 in Throwing
   110 | D:2      | Reached XP level 3. HP: 35/36 MP: 2/2
   113 | D:2      | Found an iron altar of Okawaru.
   213 | D:2      | Reached skill level 1 in Shields
   284 | D:1      | Reached ** piety under Trog
   625 | D:1      | Reached XP level 4. HP: 44/44 MP: 3/3
  1237 | D:2      | Found a blossoming altar of Fedhas.
  1238 | D:2      | Found a shattered altar of Ashenzari.
  1324 | D:2      | Found an ancient bone altar of Kikubaaqudgha.
  1807 | D:3      | Found a runed translucent gate.
  1807 | D:3      | Noticed a big kobold
  1808 | D:3      | Found a runed translucent gate.
  1808 | D:3      | Found a runed translucent gate.
  1808 | D:3      | Noticed fly's ghost (amateur DDNe)
  1809 | D:3      | Noticed a big kobold
  1809 | D:3      | Noticed a big kobold
  1813 | D:3      | Reached XP level 5. HP: 53/53 MP: 4/4
  1937 | D:3      | Noticed an ogre
  1945 | D:3      | Killed an ogre
  1945 | D:3      | Reached skill level 2 in Shields
  2035 | D:3      | Reached *** piety under Trog
  2087 | D:3      | Reached XP level 6. HP: 58/61 MP: 5/5
  2382 | D:3      | Killed fly's ghost
  2393 | D:3      | Reached XP level 7. HP: 46/70 MP: 6/6
  2519 | D:4      | Noticed Eustachio
  2530 | D:4      | Killed Eustachio
  2530 | D:4      | Reached skill level 3 in Shields
  2530 | D:4      | Reached skill level 5 in Unarmed Combat
  2741 | D:4      | Found a staircase to the Ecumenical Temple.
  2743 | D:4      | Noticed Menkaure
  2755 | D:4      | Killed Menkaure
  2762 | D:4      | Reached XP level 8. HP: 79/79 MP: 7/7
  2805 | D:4      | Noticed Edmund
  2827 | D:4      | Killed Edmund
  2896 | D:4      | Found a glowing golden altar of the Shining One.
  2975 | D:4      | Found a runed translucent door.
  2977 | D:4      | Noticed navillus's ghost (amateur GrFi)
  3014 | D:4      | Noticed Ijyb
  3025 | D:4      | Killed Ijyb
  3025 | D:4      | Reached **** piety under Trog
  3107 | D:4      | Reached skill level 4 in Shields
  3441 | D:4      | Reached skill level 5 in Fighting
  3455 | D:4      | Killed navillus's ghost
  3592 | D:5      | Entered Level 5 of the Dungeon
  3888 | D:5      | Reached skill level 5 in Throwing
  4448 | D:6      | Found Yhusaidaj's Gadget Emporium.
  4492 | D:6      | Reached XP level 9. HP: 76/88 MP: 8/8
  4616 | D:6      | Noticed Sigmund
  4623 | D:6      | Killed Sigmund
  4623 | D:6      | Reached skill level 1 in Evocations
  4672 | D:6      | Found a radiant altar of Vehumet.
  4774 | D:6      | Found Nakacei's Jewellery Shop.
  4871 | D:6      | Found an ornate altar of the Wu Jian Council.
  4967 | D:7      | Reached skill level 5 in Shields
  4985 | D:7      | Reached ***** piety under Trog
  4985 | D:7      | Received a gift from Trog
  5052 | D:7      | Found a shimmering altar of Xom.
  5055 | D:7      | Found a burning altar of Makhleb.
  5058 | D:7      | Found a glowing silver altar of Zin.
  5144 | D:7      | Found a sand-covered staircase.
  5151 | Ossuary  | Entered an ossuary
  5957 | D:7      | Found a burning altar of Makhleb.
  6379 | D:8      | Found a staircase to the Lair.
  6675 | D:8      | Received a gift from Trog
  6681 | D:8      | Reached XP level 10. HP: 93/100 MP: 10/10
  6747 | D:8      | Reached skill level 6 in Shields
  6873 | D:8      | Identified a scroll of acquirement
  7477 | D:9      | Noticed Grum
  7509 | D:9      | Killed Grum
  7573 | D:9      | Reached skill level 7 in Shields
  7784 | D:9      | Paralysed by a hornet for 3 turns
  7999 | D:9      | Got a clouded tin amulet
  8012 | D:9      | Got a bloodstained falchion
  8310 | D:9      | Found Nace's Weapon Emporium.
  8341 | D:9      | Reached XP level 11. HP: 109/109 MP: 12/12
  8428 | D:9      | Found a snail-covered altar of Cheibriados.
  8519 | D:9      | Identified the amulet of Tunnanug {+Rage Dex+3} (You found
                  | it on level 9 of the Dungeon)
  8628 | D:10     | Entered Level 10 of the Dungeon
  8679 | D:10     | Received a gift from Trog
  8855 | D:10     | Reached skill level 8 in Shields
  8867 | D:10     | Noticed Sonja
  9553 | D:11     | Noticed a two-headed ogre
  9561 | D:11     | Killed a two-headed ogre
  9567 | D:11     | Noticed a two-headed ogre
  9576 | D:11     | Killed a two-headed ogre
  9627 | D:11     | Got a scorched garnet amulet
  9638 | D:11     | Found a staircase to the Orcish Mines.
  9643 | D:11     | Noticed a soul eater
 10102 | D:11     | Identified the amulet of Ishonen {Inacc Int+7} (You found
                  | it on level 11 of the Dungeon)
 10311 | D:12     | Noticed Azrael
 10314 | D:12     | Reached skill level 9 in Shields
 10320 | D:12     | Killed Azrael
 10589 | D:12     | Noticed a deep elf mage
 10598 | D:12     | Killed a deep elf mage
 10688 | D:12     | Noticed a cyan ugly thing
 10711 | D:12     | Killed a cyan ugly thing
 10711 | D:12     | Received a gift from Trog
 10747 | D:12     | Reached XP level 12. HP: 32/120 MP: 4/14
 10873 | D:12     | Got a slimy trident {god gift}
 10887 | D:12     | Identified the +7 trident "Goblinslayer" {antimagic, *Rage
                  | rPois rF- Int+8} (Trog gifted it to you on level 12 of the
                  | Dungeon)
 11105 | D:13     | Noticed a centaur warrior
 11112 | D:13     | Killed a centaur warrior
 11112 | D:13     | Reached skill level 5 in Evocations
 11169 | D:13     | Reached skill level 10 in Unarmed Combat
 11203 | D:13     | Noticed a two-headed ogre
 11217 | D:13     | Killed a two-headed ogre
 11424 | D:13     | Noticed a five-headed hydra
 11428 | D:13     | Killed a five-headed hydra
 11428 | D:13     | Reached skill level 10 in Shields
 12571 | D:14     | Noticed a catoblepas
 12586 | D:14     | Killed a catoblepas
 12635 | D:14     | Received a gift from Trog
 12821 | D:14     | Found a gate to the Vaults.
 12821 | D:14     | Noticed a vault guard
 12821 | D:14     | Noticed a vault guard
 12821 | D:14     | Noticed a vault guard
 12821 | D:14     | Noticed a seven-headed hydra
 12826 | D:14     | Noticed a vault guard
 13050 | D:14     | Noticed a two-headed ogre
 13058 | D:14     | Killed a two-headed ogre
 13192 | D:14     | Killed a vault guard
 13331 | D:14     | Noticed Jorgrun
 13350 | D:14     | Killed Jorgrun
 13350 | D:14     | Reached skill level 11 in Shields
 13350 | D:14     | Reached XP level 13. HP: 59/131 MP: 3/16
 13698 | D:15     | Entered Level 15 of the Dungeon
 13920 | D:15     | Received a gift from Trog
 14157 | D:15     | Got a sparkling tin ring
 14571 | Lair:1   | Entered Level 1 of the Lair of Beasts
 14571 | Lair:1   | Noticed Gastronok
 14587 | Lair:1   | Killed Gastronok
 14587 | Lair:1   | Reached skill level 12 in Shields
 14606 | Lair:1   | Found a frozen archway.
 14616 | IceCv    | Entered an ice cave
 14744 | IceCv    | Identified the ring of Qunul {rPois rC+ AC+2} (You found it
                  | on level 15 of the Dungeon)
 14775 | IceCv    | Reached skill level 10 in Fighting
 14983 | IceCv    | Reached XP level 14. HP: 85/143 MP: 12/18
 15080 | IceCv    | Got a bound silver ring
 15134 | IceCv    | Identified the ring of Elyogep {*Contam rC+ rN+ MR+} (You
                  | found it in an ice cave)
 15252 | Lair:1   | Found a dark tunnel.
 15262 | Volcano  | Entered a volcano
 15361 | Volcano  | Found the +2 pair of boots of the Assassin {Detection Stab+
                  | Stlth++}
 15527 | Lair:1   | Reached skill level 13 in Shields
 15527 | Lair:1   | Reached XP level 15. HP: 149/149 MP: 19/19
 15698 | Lair:1   | Received a gift from Trog
 16507 | Lair:2   | Found a hole to the Spider Nest.
 17454 | Lair:3   | Found a runed translucent gate.
 17455 | Lair:3   | Found a runed translucent gate.
 17456 | Lair:3   | Found a runed translucent gate.
 17456 | Lair:3   | Noticed waddelsworth's ghost (journeyman GrEE)
 17580 | Lair:3   | Reached skill level 14 in Shields
 17836 | Lair:3   | Received a gift from Trog
 17863 | Lair:3   | Got a dazzling quick blade {god gift}
 17864 | Lair:3   | Identified the +5 quick blade "Etuilecw" {vorpal, Str+2}
                  | (Trog gifted it to you on level 3 of the Lair of Beasts)
 17940 | Lair:3   | Got a steaming steel ring
 18169 | Lair:3   | Found a viscous altar of Jiyva.
 18784 | Lair:4   | Found a staircase to the Shoals.
 19276 | Lair:5   | Got a crystal scimitar
 19445 | Lair:5   | Reached skill level 15 in Shields
 19555 | Lair:5   | Identified the ring of Qazlal's Envy {rPois rN+ rCorr} (You
                  | found it on level 3 of the Lair of Beasts)
 19556 | Lair:5   | Identified the +2 scimitar of Guilt {venom, +Blink rC+
                  | Str+4 Dex+2} (You found it on level 5 of the Lair of
                  | Beasts)
 20078 | Orc:1    | Entered Level 1 of the Orcish Mines
 20078 | Orc:1    | Noticed Nergalle
 20088 | D:11     | Received a gift from Trog
 20090 | D:11     | Killed Nergalle
 20375 | Orc:1    | Noticed Erolcha
 20388 | Orc:1    | Killed Erolcha
 20409 | Orc:1    | Noticed Josephine
 20421 | Orc:1    | Killed Josephine
 20737 | Orc:2    | Entered Level 2 of the Orcish Mines
 20886 | Orc:2    | Reached XP level 16. HP: 161/161 MP: 21/21
 20937 | Orc:2    | Received a gift from Trog
 21263 | Orc:2    | Found a roughly hewn altar of Beogh.
 21348 | Orc:2    | Found Kiated's Jewellery Shop.
 21364 | Orc:2    | Found Zutiut's Antique Armour Shop.
 21380 | Orc:2    | Found Tuidir's General Store.
 21396 | Orc:2    | Found Muuc's Antique Weapon Shop.
 21403 | Orc:2    | Bought a polished hunting sling for 169 gold pieces
 21403 | Orc:2    | Identified the +1 hunting sling "Wileoj" {freeze, Str+4
                  | Int+7} (You bought it in a shop on level 2 of the Orcish
                  | Mines)
 21528 | Orc:2    | Noticed Saint Roka
 21557 | Orc:2    | Killed Saint Roka
 21566 | Orc:2    | Received a gift from Trog
 21811 | Orc:2    | Found a staircase to the Elven Halls.
 22396 | D:15     | Found a staircase to the Depths.
 22746 | Spider:1 | Entered Level 1 of the Spider Nest
 22800 | Spider:1 | HP: 5/162 [tarantella (9)]
 22800 | Spider:1 | Slain by a wolf spider

Levels and vault maps discovered:
D:1:      saegor_arrival_simple_e, layout_loops_ring
D:2:      layout_basic, nicolae_overflow_hidden_temple,
          gammafunk_temple_overflow_statue, okawaru_ov_weapons_minmay
D:3:      layout_basic, gammafunk_ghost_nasty_kobolds
D:4:      layout_loops_ring, tso_metal_star, minmay_temple_entry_wispy,
          ebering_ghost_sewer_d, eino_tiny_chamber, minmay_increasing_density,
          uniq_menkaure, uniq_eustachio, uniq_ijyb, uniq_edmund
D:5:      layout_gridville, first_ration, gup_sewer_entry_bowl
D:6:      layout_rooms, kennysheep_mini, vehumet_crystals, serial_shops,
          kennysheep_little_box, kennysheep_mini_moat, uniq_sigmund
D:7:      layout_cave_pods, grunt_temple_overflow_diamond,
          nicolae_ossuary_entry_giza, skrybe_limestone_x, bloody_makhleb
D:8:      layout_layer_cave, lair_entry_dummy, grunt_livestock
D:9:      minmay_the_grid_triangle_9x9_rhombus_full
          [minmay_the_grid_triangle_9x9_corruption,
          minmay_the_grid_triangle_9x9_swiss_cheese,
          minmay_the_grid_triangle_9x9_checkered,
          minmay_the_grid_triangle_9x9_limited_checkers,
          minmay_the_grid_triangle_9x9_alien,
          minmay_the_grid_triangle_9x9_cache,
          minmay_the_grid_triangle_9x9_negative_grid,
          minmay_the_grid_triangle_9x9_prize_center], layout_rooms,
          slow_altar_2, serial_shops, shop, uniq_grum
D:10:     layout_roguey, uniq_sonja
D:11:     layout_small_grid, orc_0_dummy, lemuel_flame_loot_1
D:12:     layout_irregular_city, uniq_azrael
D:13:     layout_stronghold
D:14:     layout_loops_ring, lightli_vaults_fourway_checkpoint, abandoned_shop,
          serial_co_window_serial, co_window_corner_a,
          co_window_of_opportunity_a, co_window_corner_a, co_window_paths_b,
          co_window_paths_a, co_window_of_opportunity_c, co_window_2corner,
          co_window_unsneaky_path_b, co_window_of_opportunity_b,
          glass_columns_a, uniq_jorgrun
D:15:     gammafunk_enter_depths_forms, layout_irregular_city
Lair:1:   layout_hall_layers, portal_ice_cave_entry_pillars_1,
          nicolae_volcano_entry_hallway, st_stairs_10, grunt_megastairs_4,
          uniq_gastronok
Lair:2:   layout_long_grid, spider_nest_entry_a, chequers_serial_rivers_micro_d,
          gammafunk_lair_bear_cave, grunt_megastairs_1, lemuel_fruit_tree,
          serial_bayou_shore_b, minmay_lair_oklob_chamber
Lair:3:   layout_long_grid, gammafunk_ghost_ooze, lemuel_fruit_fields
Lair:4:   layout_roguey [special_room_bee], elwin_shoals_entry_stream,
          nicolae_quartered_pool_little, grunt_megastairs_2
Lair:5:   layout_misc_corridors
Spider:1: layout_spider_delve, uniq_asterion, uniq_nikola, uniq_louise
Orc:1:    layout_caves, uniq_erolcha, uniq_nergalle, uniq_josephine
Orc:2:    grunt_orc_cross, layout_diamond_mine, uniq_saint_roka

Skill      XL: |  1  2  3  4  5  6  7  8  9 10 11 12 13 14 15 16 |
---------------+-------------------------------------------------+-----
Throwing       | 1 2 3 4 5 6 |  6.1
Shields        | 1 2 3 4 5 7 9 11 12 13 15 | 15.1
Fighting       | 3 4 5 6 7 8 9 10 11 | 11.0
Unarmed Combat | 4 5 6 7 8 9 10 11 12 13 | 13.3
Evocations     | 2 3 4 6 7 8 |  8.5
Dodging        | |  2.4

Action                   |  1- 3 |  4- 6 |  7- 9 | 10-12 | 13-15 | 16-18 || total
-------------------------+-------+-------+-------+-------+-------+-------++-------
Melee: Unarmed           |    79 |   122 |   449 |   751 |   872 |   320 ||  2593
       Scimitar          |       |       |       |       |     1 |       ||     1
 Fire: Hunting sling     |       |       |       |       |       |     6 ||     6
Throw: Stone             |       |       |     4 |     9 |    21 |     6 ||    40
       Large rock        |       |       |       |    20 |    11 |       ||    31
       Dart              |       |       |       |       |     8 |       ||     8
Invok: Berserk           |     1 |     1 |     3 |     9 |     6 |     3 ||    23
       Trog's Hand       |       |     1 |     1 |     3 |     1 |     4 ||    10
Evoke: Wand              |       |       |       |    25 |    68 |       ||    93
  Use: Scroll            |       |     6 |     2 |    25 |    19 |       ||    52
       Potion            |       |     1 |       |     5 |     7 |     4 ||    17
 Stab: Paralysed         |       |       |       |     1 |     3 |       ||     4
       Confused          |       |       |       |     1 |       |       ||     1
       Fleeing           |       |       |       |     1 |       |       ||     1
       Petrified         |       |       |       |       |     4 |       ||     4
       Invisible         |       |       |       |       |     2 |       ||     2
       Sleeping          |       |       |       |       |     1 |       ||     1
  Eat: Chunk             |    12 |    13 |    44 |    71 |    78 |    19 ||   237
       Ration            |       |       |       |     1 |     1 |       ||     2
Armor: Animal skin       |    52 |    37 |   112 |     7 |       |       ||   208
       Steam dragon scal |       |       |       |    25 |       |       ||    25
       Troll leather arm |       |       |       |    14 |       |       ||    14
       Robe              |       |       |       |   126 |   123 |    32 ||   281
Dodge: Dodged            |    33 |    27 |   132 |   105 |   182 |    56 ||   535
Block: Shield            |    42 |    37 |   211 |    14 |       |       ||   304
       Large shield      |       |       |       |   534 |   788 |   304 ||  1626
       Reflection        |       |       |       |    35 |    20 |    11 ||    66

Table legend:
 A = Non-vault XP
 B = Vault XP
 C = Vault XP percentage of total XP
 D = Non-vault monster count
 E = Vault monster count
 F = Vault count percentage of total count
                 A         B        C        D         E       F
            +---------+---------+-------+---------+---------+-------
      Total |   73233 |   63928 |  46.6 |     527 |     250 |  32.2
            +---------+---------+-------+---------+---------+-------
        D:1 |      44 |       0 |   0.0 |      27 |       0 |   0.0
        D:2 |      85 |       0 |   0.0 |      22 |       0 |   0.0
        D:3 |     258 |     422 |  62.1 |      22 |       9 |  29.0
        D:4 |     439 |     955 |  68.5 |      26 |      10 |  27.8
        D:5 |     365 |      21 |   5.4 |      17 |       4 |  19.0
        D:6 |     707 |     220 |  23.7 |      25 |       1 |   3.8
        D:7 |    1132 |      20 |   1.7 |      22 |       3 |  12.0
        D:8 |    1313 |     989 |  43.0 |      25 |       5 |  16.7
        D:9 |    1047 |    2770 |  72.6 |      14 |      24 |  63.2
       D:10 |    1771 |       0 |   0.0 |      25 |       0 |   0.0
       D:11 |    5532 |     820 |  12.9 |      40 |       1 |   2.4
       D:12 |    3750 |    2108 |  36.0 |      23 |       5 |  17.9
       D:13 |    7714 |       0 |   0.0 |      44 |       0 |   0.0
       D:14 |    6022 |    8116 |  57.4 |      26 |      11 |  29.7
       D:15 |   15661 |    5192 |  24.9 |      42 |       7 |  14.3
     Lair:1 |    2843 |    3367 |  54.2 |      16 |       3 |  15.8
     Lair:2 |    2676 |    4326 |  61.8 |      14 |      15 |  51.7
     Lair:3 |    9150 |       0 |   0.0 |      25 |       0 |   0.0
     Lair:4 |    1175 |    6482 |  84.7 |       3 |      39 |  92.9
     Lair:5 |    6864 |       0 |   0.0 |      20 |       0 |   0.0
   Spider:1 |    1807 |       0 |   0.0 |       8 |       0 |   0.0
      Orc:1 |    1896 |    3212 |  62.9 |      18 |       7 |  28.0
      Orc:2 |     982 |   13530 |  93.2 |      23 |      48 |  67.6
    Ossuary |       0 |     254 | 100.0 |       0 |      32 | 100.0
      IceCv |       0 |    5446 | 100.0 |       0 |      20 | 100.0
    Volcano |       0 |    5678 | 100.0 |       0 |       6 | 100.0
            +---------+---------+-------+---------+---------+-------
